 Dungeon Crawl Stone Soup version 0.21.1-1-g345015fe64 (webtiles) character file.

191 Brecoman the Changer (level 5, -3/40 HPs)
             Began as a Draconian Transmuter on June 21, 2018.
             Slain by an ogre
             ... wielding a +0 giant spiked club
              (15 damage)
             ... on level 4 of the Dungeon.
             The game lasted 00:09:31 (3515 turns).

Brecoman the Changer (Draconian Transmuter)         Turns: 3515, Time: 00:09:32

Health: -3/40      AC:  5    Str: 12    XL:     5   Next: 42%
Magic:  0/8        EV: 12    Int: 14    God:
Gold:   130        SH:  0    Dex: 12    Spells: 1/8 levels left

rFire    . . .     SeeInvis .     - Unarmed
rCold    . . .     Gourm    .   (no shield)
rNeg     . . .     Faith    .   (armour unavailable)
rPois    .         Spirit   .   (helmet restricted)
rElec    .         Reflect  .   (no cloak)
rCorr    .         Harm     .   (no gloves)
MR       .....                  (no boots)
Stlth    +.........             (no amulet)
HPRegen  0.13/turn              (no ring)
MPRegen  0.11/turn              (no ring)

@: no status effects
A: unfitting armour, cold-blooded, AC +5
a: no special abilities


You were on level 4 of the Dungeon.
You were not hungry.

You visited 1 branch of the dungeon, and saw 4 of its levels.

You collected 130 gold pieces.

Inventory:

Missiles
 a - 34 arrows
 e - 70 stones (quivered)
Wands
 l - a wand of polymorph (16)
Scrolls
 d - 3 scrolls of magic mapping
 f - a scroll of identify
 j - a scroll of fear
 m - a scroll of remove curse {unknown}
Potions
 g - a potion of heal wounds {unknown}
 h - a potion of haste {unknown}
 i - 2 potions of curing
 k - a potion of invisibility {unknown}
Books
 b - a book of Changes

   Spells                             Type                      Level
   a - Beastly Appendage              Transmutation                1
   b - Sticks to Snakes               Transmutation                2
   c - Spider Form                    Transmutation/Poison         3
   d - Ice Form                       Ice/Transmutation            4
   e - Blade Hands                    Transmutation                5
Comestibles
 c - 5 rations


   Skills:
 - Level 1.1 Fighting
 - Level 2.1 Dodging
 - Level 0.2 Stealth
 - Level 3.7 Unarmed Combat
 - Level 2.2 Spellcasting
 * Level 4.1 Transmutations
 * Level 2.2 Ice Magic


You had one spell level left.
You knew the following spells:

 Your Spells              Type           Power        Failure   Level  Hunger
a - Beastly Appendage     Tmut           ##....       4%          1    #......
b - Sticks to Snakes      Tmut           ##......     6%          2    ###....
c - Ice Form              Ice/Tmut       ##......     52%         4    #####..


Dungeon Overview and Level Annotations

Branches:
Dungeon (4/15)
 Temple: D:4-7

Altars:
Uskayaw
Yredelemnul


Innate Abilities, Weirdness & Mutations

Your plain brown scales are hard. (AC +5)
You cannot fit into any form of body armour.
You are cold-blooded and may be slowed by cold attacks.


Message History

Casting: Sticks to Snakes
Confirm with . or Enter, or press ? or * to list all spells.
You don't have enough magic to cast that spell.
Your ball python withers and dies!
Casting: Sticks to Snakes
Confirm with . or Enter, or press ? or * to list all spells.
You don't have enough magic to cast that spell.
The ogre barely misses your ball python.
Your ball python bites the ogre but does no damage.
Your ball python closely misses the ogre.
You swap places.
Your ball python barely misses the ogre.
The ogre misses you.
Your ball python barely misses the ogre.
Your ball python bites the ogre but does no damage.
Casting: Sticks to Snakes
Confirm with . or Enter, or press ? or * to list all spells.
You create a snake!
You now have 34 arrows.
The ogre hits you with a giant spiked club!
You die...

#... ..## ... ....#
##.. #...# ##...
#...# ###....##
+#...#+
#.......###.....####
.............S......
.............♣......
#..####...SO@.......
#.###.....###.
###.'#...#+
#...#...# #<.##...#
#####...# #####


You could see an ogre and 2 friendly ball pythons.

Vanquished Creatures
  An ogre (D:4)
  2 adders
  2 worms
  2 dart slugs (D:2)
  5 leopard geckos
  5 giant cockroaches
  4 goblins
  6 hobgoblins
  4 jackals (D:3)
  A quokka (D:2)
  8 bats
  3 frilled lizards
  3 kobolds
  4 rats
50 creatures vanquished.

Vanquished Creatures (collateral kills)
  A howler monkey (D:4)
1 creature vanquished.

Grand Total: 51 creatures vanquished

Notes
Turn   | Place    | Note
-------+----------+-------------------------------------------
     0 | D:1      | Brecoman the Draconian Transmuter began the quest for the Orb.
     0 | D:1      | Reached XP level 1. HP: 16/16 MP: 3/3
   571 | D:1      | Reached XP level 2. HP: 22/23 MP: 3/5
   575 | D:1      | Learned a level 2 spell: Sticks to Snakes
  1265 | D:2      | Found a hide-covered altar of Uskayaw.
  1295 | D:2      | Reached XP level 3. HP: 13/28 MP: 4/6
  1806 | D:2      | Reached skill level 3 in Transmutations
  2499 | D:3      | Reached XP level 4. HP: 30/35 MP: 5/7
  2820 | D:3      | Learned a level 4 spell: Ice Form
  3047 | D:3      | Found a basalt altar of Yredelemnul.
  3465 | D:4      | Noticed an ogre
  3468 | D:4      | Reached skill level 1 in Ice Magic
  3485 | D:4      | Killed an ogre
  3485 | D:4      | Reached skill level 4 in Transmutations
  3485 | D:4      | Reached XP level 5. HP: 8/40 MP: 1/8
  3505 | D:4      | Noticed an ogre
  3515 | D:4      | Slain by an ogre

Skill      XL: |  1  2  3  4 |
---------------+-------------+-----
Dodging        | 2 |  2.1
Transmutations | 3 4 |  4.1
Ice Magic      | 2 |  2.2
Fighting       | |  1.1
Stealth        | |  0.2
Unarmed Combat | |  3.7
Spellcasting   | |  2.2

Action                   |  1- 3 |  4- 6 || total
-------------------------+-------+-------++-------
Melee: Unarmed           |   130 |    36 ||   166
       Kick              |     9 |     2 ||    11
       Headbutt          |     9 |     3 ||    12
       Punch             |     2 |       ||     2
       Tailslap          |    13 |     3 ||    16
 Cast: Beastly Appendage |    32 |     7 ||    39
       Sticks to Snakes  |     1 |     5 ||     6
  Use: Scroll            |     4 |       ||     4
 Stab: Distracted        |       |     1 ||     1
  Eat: Chunk             |     6 |     1 ||     7
       Ration            |       |     1 ||     1
Armor: Skin              |    65 |     4 ||    69
Dodge: Dodged            |   121 |    21 ||   142
